Map: [ESL] Stargazers

Players

Reynor - Winner!

  • Race: Zerg Zerg
  • Spawn Location: 1:00

HeroMarine

  • Race: Terran Terran
  • Spawn Location: 11:00

Event: DreamHack SC2 Masters 2022 Atlanta (Online)

VOD

Have the link to the VOD?

Description

Time

  • Played on: Oct. 14, 2022, 2:02 p.m.
  • Length: 38:27

All games in this series

Show
View Real Time Build Order
Export as new Build Order

Reynor Zerg - Winner!

Build Orders: Hatch First 

Get SALT Encoding   

  12  0:00  Drone  
  13  0:11  Overlord  
  13  0:16  Drone  
  14  0:30  Drone x2  
  16  0:50  Drone, Hatchery  
  16  0:54  Drone  
  17  0:57  Drone  
  18  1:08  Extractor  
  17  1:13  Spawning Pool  
  17  1:16  Drone  
  17  1:18  Drone  
  18  1:27  Drone  
  19  1:37  Drone  
  20  1:48  Overlord  
  20  2:02  Zergling x4, Queen x2  
  26  2:10  Drone  
  26  2:13  Drone  
  26  2:15  Metabolic Boost  
  28  2:21  Drone  
  29  2:23  Drone  
  30  2:31  Overlord  
  30  2:34  Drone  
  31  2:37  Queen  
  31  2:39  Queen  
  31  2:43  Drone  
  36  2:56  Hatchery  
  36  2:58  Drone  
  36  3:00  Drone  
  36  3:03  Drone  
  36  3:04  Drone  
  39  3:08  Drone  
  40  3:14  Overlord  
  40  3:15  Drone x2  
  42  3:20  Pneumatized Carapace  
  42  3:22  Drone  
  42  3:25  Drone  
  44  3:32  Queen  
  44  3:33  Drone x2  
  48  3:40  Overlord  
  48  3:42  Drone  
  48  3:46  Zergling x2  
  48  3:47  Zergling x4  
  52  3:51  Overlord  
  52  3:58  Overlord  
  52  3:59  Zergling x2  
  52  4:00  Drone  
  52  4:01  Drone x2  
  56  4:04  Queen  
  56  4:08  Queen, Drone  
  61  4:10  Drone  
  61  4:12  Drone  
  63  4:19  Zergling x2  
  63  4:20  Overlord  
  63  4:22  Drone  
  65  4:25  Drone x2  
  65  4:26  Drone  
  65  4:27  Lair  
  65  4:28  Extractor  
  67  4:31  Drone x2  
  67  4:34  Drone  
  67  4:35  Spore Crawler  
  67  4:38  Spore Crawler  
  68  4:41  Spore Crawler, Drone  
  68  4:42  Drone  
  68  4:44  Drone x2  
  69  4:47  Drone  
  69  4:50  Drone  
  70  4:53  Drone  
  70  4:55  Drone  
  70  4:59  Drone x2  
  72  5:02  Drone  
  72  5:07  Drone  
  72  5:09  Drone  
  72  5:10  Drone  
  74  5:15  Drone  
  74  5:16  Baneling Nest, Drone  
  74  5:19  Drone x2  
  74  5:20  Drone  
  78  5:22  Drone  
  78  5:25  Overlord  
  78  5:26  Drone  
  80  5:30  Drone x2  
  80  5:31  Drone  
  80  5:34  Drone x4  
  87  5:37  Overlord  
  87  5:42  Extractor  
  86  5:43  Evolution Chamber  
  86  5:49  Drone x3  
  89  5:50  Drone  
  89  5:54  Extractor  
  89  5:55  Overseer, Drone x2  
  89  5:58  Drone x2  
  89  5:59  Zergling x2  
  89  6:00  Drone  
  89  6:01  Centrifugal Hooks  
  93  6:04  Extractor  
  93  6:05  Extractor  
  93  6:06  Drone  
  93  6:07  Overlord  
  93  6:09  Drone x2  
  93  6:10  Drone x2  
  96  6:17  Drone  
  96  6:19  Zerg Ground Armor Level 1, Evolution Chamber  
  96  6:20  Zergling x4  
  96  6:23  Overlord  
  96  6:24  Zergling x4, Hatchery  
  98  6:28  Zergling x6  
  98  6:32  Zergling x8  
  105  6:36  Overlord  
  105  6:40  Baneling x2  
  105  6:43  Zergling x4  
  107  6:47  Zerg Melee Weapons Level 1  
  107  6:48  Zergling x6  
  107  6:53  Zergling x2  
  109  6:56  Zergling x4  
  109  6:58  Zergling x2  
  109  6:59  Zergling x4  
  109  7:00  Zergling x6  
  116  7:06  Zergling x4  
  116  7:07  Zergling x2  
  119  7:11  Baneling x8  
  119  7:12  Zergling x2  
  120  7:15  Zergling x2  
  120  7:18  Overlord x3  
  121  7:23  Hydralisk Den  
  121  7:25  Drone  
  121  7:29  Overlord  
  121  7:35  Drone x5  
  121  7:36  Spore Crawler, Drone  
  126  7:38  Baneling x4  
  126  7:39  Baneling x2  
  126  7:40  Zergling x4  
  126  7:42  Zergling x2, Queen  
  131  7:45  Infestation Pit  
  131  7:46  Zergling x6  
  131  7:47  Overlord  
  131  7:48  Zergling x4  
  135  7:51  Overseer  
  135  7:53  Zergling x2  
  135  7:57  Baneling x8  
  136  7:59  Zergling x10  
  136  8:00  Zergling x2  
  142  8:05  Baneling x5  
  142  8:06  Baneling x6  
  142  8:07  Overlord  
  142  8:11  Zergling x8  
  142  8:12  Zergling x2  
  145  8:15  Baneling x9, Zerg Ground Armor Level 2  
  145  8:17  Zergling x8  
  145  8:18  Zergling x2  
  147  8:22  Hydralisk  
  133  8:29  Zergling x12  
  129  8:35  Hive  
  129  8:39  Zergling x10  
  129  8:41  Baneling x9, Overseer  
  131  8:44  Zergling x4  
  131  8:45  Drone  
  131  8:47  Drone x2  
  137  8:48  Drone  
  137  8:50  Drone  
  137  8:51  Baneling x4  
  137  8:52  Zergling x2, Baneling  
  137  8:55  Zergling x4, Hydralisk x2  
  137  9:05  Hydralisk x2  
  137  9:06  Zergling x4  
  139  9:12  Hydralisk x3  
  139  9:14  Zerg Melee Weapons Level 2  
  139  9:16  Extractor  
  144  9:22  Muscular Augments  
  144  9:27  Hydralisk x2  
  148  9:31  Zergling x14  
  148  9:32  Hatchery  
  148  9:35  Overlord  
  148  9:36  Hatchery  
  148  9:38  Hydralisk x3  
  151  9:41  Hydralisk  
  151  9:42  Zergling x4  
  151  9:43  Zergling x2  
  162  9:51  Viper  
  165  9:53  Zergling x12  
  165  9:54  Overlord  
  170  10:01  Viper  
  170  10:03  Drone x2  
  175  10:07  Extractor  
  175  10:11  Overlord  
  174  10:14  Viper  
  174  10:19  Drone  
  174  10:20  Zergling x10  
  183  10:32  Burrow  
  183  10:34  Grooved Spines  
  182  10:37  Drone x6  
  182  10:38  Drone x2  
  182  10:41  Zergling x4  
  192  10:43  Zerg Ground Armor Level 3  
  192  10:53  Drone x3  
  192  10:54  Drone  
  187  11:04  Zergling x26  
  187  11:06  Adrenal Glands  
  199  11:16  Zergling x12  
  194  11:19  Overlord  
  194  11:24  Baneling x12  
  194  11:25  Baneling x6  
  194  11:26  Overlord x2  
  190  11:36  Zergling x12  
  190  11:39  Queen  
  189  11:40  Zergling x12  
  189  11:45  Zergling x2  
  189  11:46  Zergling x8  
  199  12:02  Hatchery  
  199  12:08  Overseer x2  
  192  12:26  Zergling x16  
  196  12:37  Drone  
  196  12:38  Drone x4, Spire  
  196  12:40  Extractor  
  196  12:41  Extractor  
  198  12:49  Baneling  
  198  12:50  Baneling x6  
  198  12:52  Drone, Spire, Extractor  
  198  12:54  Zergling x6  
  198  12:57  Extractor  
  194  13:15  Zergling x12  
  200  13:33  Spore Crawler  
  199  13:34  Spine Crawler  
  199  13:35  Spore Crawler, Spine Crawler  
  199  13:36  Spine Crawler  
  199  13:37  Nydus Network  
  199  13:39  Drone x2  
  199  13:41  Lurker Den  
  195  13:42  Zerg Melee Weapons Level 3, Zerg Missile Weapons Level 1  
  195  13:44  Zergling x10  
  196  14:01  Zergling x22  
  199  14:10  Greater Spire, Zerg Flyer Weapons Level 1  
  189  14:28  Zergling x46  
  189  14:29  Zergling x14  
  199  14:39  Nydus Canal  
  156  15:15  Zergling x46  
  167  15:24  Zerg Flyer Armor Level 1  
  167  15:25  Seismic Spines  
  169  15:28  Lurker x4  
  169  15:29  Lurker  
  169  15:32  Zergling x18  
  169  15:33  Zergling x20  
  169  15:34  Extractor  
  190  15:35  Extractor  
  190  15:37  Pathogen Glands  
  190  15:39  Zerg Missile Weapons Level 2  
  190  15:41  Lurker x2  
  191  16:07  Zergling x18  
  200  16:12  Zerg Flyer Weapons Level 2  
  200  16:17  Nydus Canal  
  189  16:34  Neural Parasite  
  189  16:42  Infestor x2  
  189  16:43  Infestor x3  
  189  16:46  Baneling x13  
  196  16:50  Overseer  
  190  16:59  Adaptive Talons  
  184  17:06  Lurker  
  184  17:07  Lurker x3  
  188  17:11  Zergling x24  
  194  17:29  Overseer  
  194  17:35  Zerg Flyer Armor Level 2  
  194  18:11  Baneling x7  
  194  18:12  Zergling x12, Baneling x5  
  200  18:18  Infestor x2  
  200  18:25  Overseer  
  198  18:40  Zergling x18  
  198  18:41  Zergling x6  
  180  19:22  Corruptor x10  
  199  19:28  Nydus Canal  
  199  19:30  Zerg Flyer Weapons Level 3  
  199  19:49  Spine Crawler  
  199  19:51  Spine Crawler  
  197  19:52  Spine Crawler  
  197  19:59  Spine Crawler  
  195  20:01  Spore Crawler  
  195  20:02  Brood Lord x3  
  195  20:06  Spore Crawler  
  195  20:07  Spore Crawler  
  187  20:08  Spore Crawler  
  187  20:09  Spore Crawler  
  187  20:10  Spore Crawler  
  187  20:11  Spore Crawler  
  187  20:12  Brood Lord x7  
  177  20:14  Corruptor x5  
  177  20:15  Corruptor, Spore Crawler, Spine Crawler  
  177  20:19  Hydralisk x2  
  194  20:37  Infestor  
  194  20:38  Infestor x4  
  190  20:57  Brood Lord x3  
  190  20:58  Brood Lord x2  
  200  21:10  Spine Crawler  
  200  21:11  Spine Crawler  
  198  21:12  Spore Crawler, Spine Crawler x2  
  198  21:15  Spine Crawler  
  194  21:20  Zerg Flyer Armor Level 3  
  194  21:21  Spore Crawler  
  194  21:22  Corruptor, Brood Lord, Spine Crawler  
  194  21:23  Corruptor  
  198  21:36  Overseer x3  
  198  21:39  Spine Crawler  
  197  21:40  Spore Crawler x2, Spine Crawler  
  194  21:54  Infestor x3  
  194  22:03  Brood Lord x2  
  198  22:17  Corruptor x2  
  198  22:32  Corruptor  
  200  22:56  Viper  
  200  23:57  Spore Crawler x2, Spine Crawler  
  197  24:03  Brood Lord  
  197  24:09  Spore Crawler  
  198  24:13  Spore Crawler  
  198  24:14  Spore Crawler x2  
  192  25:03  Corruptor x4  
  196  25:32  Brood Lord  
  196  25:33  Brood Lord  
  197  25:51  Brood Lord  
  196  26:02  Brood Lord  
  196  26:04  Spore Crawler, Overlord  
  186  26:29  Brood Lord x2  
  190  26:40  Overseer  
  190  26:56  Corruptor x4  
  198  27:12  Spore Crawler  
  198  27:13  Spine Crawler x2  
  195  27:26  Corruptor x2  
  199  27:42  Spore Crawler  
  199  27:44  Spore Crawler x2  
  197  27:45  Spore Crawler x2  
  197  27:46  Spore Crawler  
  197  27:47  Brood Lord x3  
  199  28:12  Spore Crawler  
  198  28:13  Spore Crawler x2  
  198  28:14  Spore Crawler, Viper  
  198  28:55  Spore Crawler  
  177  29:10  Corruptor x5  
  179  29:24  Corruptor  
  179  29:25  Corruptor x2  
  180  29:41  Infestor x2  
  184  29:48  Corruptor x2  
  184  29:51  Brood Lord x4  
  196  29:57  Spore Crawler  
  196  29:58  Brood Lord x3  
  199  30:54  Spore Crawler  
  199  30:55  Spore Crawler x2  
  199  30:56  Spore Crawler  
  195  30:59  Zergling x6  
  195  31:01  Zergling x6  
  197  31:06  Spore Crawler  
  197  31:07  Spore Crawler  
  197  31:08  Spore Crawler  
  194  31:12  Zergling x6  
  197  31:29  Hatchery  
  192  31:56  Overlord  
  192  31:57  Overlord x2  
  188  32:44  Brood Lord x5  
  198  33:07  Overseer  
  198  33:35  Spore Crawler  
  198  33:36  Spore Crawler  
  193  34:40  Corruptor  
  193  34:41  Corruptor x3  
  189  35:07  Corruptor x3  
  195  35:17  Brood Lord x2  
  199  35:45  Spore Crawler  
  199  35:46  Spore Crawler  
  197  36:09  Spore Crawler x3  
  197  36:10  Spore Crawler, Spine Crawler  
  192  36:12  Spore Crawler  
  189  36:52  Brood Lord x3  
  189  36:53  Brood Lord x2  
  193  37:09  Corruptor x3  
  198  37:25  Hydralisk, Overlord  
  195  37:32  Corruptor x2  
  195  37:46  Corruptor x2  
Show
View Real Time Build Order
Export as new Build Order

HeroMarine Terran 

Build Orders: Gas First Reaper Expand, Banshee Rush 

Get SALT Encoding   

  12  0:00  SCV  
  13  0:12  SCV  
  14  0:17  Supply Depot  
  14  0:24  SCV  
  14  0:28  Refinery  
  15  0:39  SCV  
  16  0:44  Barracks  
  16  0:51  SCV  
  17  1:03  SCV  
  18  1:15  SCV  
  19  1:31  Reaper, Orbital Command  
  20  1:41  Command Center  
  20  1:51  Factory  
  20  1:56  SCV  
  21  2:03  Marine  
  21  2:05  Supply Depot  
  22  2:08  SCV  
  22  2:14  Refinery  
  23  2:22  Barracks Tech Lab  
  23  2:27  SCV  
  24  2:38  Hellion  
  24  2:39  SCV  
  24  2:41  Starport  
  27  2:51  SCV  
  27  2:52  Orbital Command  
  28  2:59  Hellion  
  28  3:01  Orbital Command  
  28  3:03  SCV  
  31  3:15  SCV  
  31  3:19  Banshee, Cloaking Field  
  35  3:20  Hellion  
  35  3:21  Marine  
  38  3:27  SCV  
  38  3:28  SCV  
  38  3:32  Supply Depot  
  40  3:39  SCV  
  40  3:40  SCV  
  42  3:43  Barracks Reactor  
  42  3:44  Hellion  
  44  3:52  SCV x2  
  46  3:57  Command Center  
  46  4:02  Banshee  
  49  4:05  SCV x2  
  49  4:08  Supply Depot  
  51  4:17  SCV x2  
  53  4:28  Barracks Tech Lab  
  53  4:29  SCV  
  53  4:30  SCV  
  55  4:31  Barracks  
  55  4:32  Factory Reactor  
  55  4:33  Barracks  
  55  4:42  SCV x2  
  57  4:48  Engineering Bay  
  57  4:49  Engineering Bay, Stimpack  
  57  4:54  SCV x2  
  57  4:57  Starport Reactor  
  59  5:01  Marine  
  59  5:06  SCV x2  
  62  5:09  Orbital Command  
  62  5:12  Refinery x2  
  62  5:18  Terran Infantry Weapons Level 1  
  62  5:19  Barracks  
  62  5:20  Barracks  
  63  5:22  SCV  
  63  5:24  Terran Infantry Armor Level 1  
  63  5:26  SCV  
  64  5:30  Marine x3  
  64  5:35  Orbital Command  
  67  5:36  Supply Depot  
  67  5:37  Medivac x2  
  67  5:38  SCV x2  
  73  5:43  Supply Depot  
  73  5:44  Marine x2  
  73  5:48  Marine  
  76  5:50  SCV  
  77  5:57  SCV, Marine x2  
  77  5:58  Supply Depot  
  77  5:59  Siege Tank  
  77  6:00  Supply Depot, SCV  
  77  6:02  SCV  
  85  6:05  Marine x2  
  85  6:07  Marine  
  85  6:09  SCV  
  85  6:10  Barracks Reactor  
  85  6:11  Barracks Reactor  
  89  6:12  SCV  
  89  6:14  SCV  
  89  6:17  Marine x2  
  93  6:22  SCV, Marine x2  
  93  6:24  SCV  
  97  6:28  Combat Shield  
  97  6:29  Armory  
  97  6:30  Supply Depot, SCV  
  97  6:32  Supply Depot  
  98  6:34  SCV, Marine  
  98  6:36  SCV  
  98  6:38  Marine  
  102  6:43  SCV  
  102  6:44  Marine x2  
  102  6:45  Marine  
  102  6:46  SCV  
  107  6:47  Marine x2  
  107  6:52  Siege Tank  
  112  6:54  Medivac x2  
  112  6:57  Supply Depot, Marine  
  112  6:58  Marine  
  112  7:00  SCV x3  
  112  7:01  Marine x2  
  122  7:03  Marine  
  122  7:04  Marine  
  125  7:15  Refinery  
  125  7:16  Refinery  
  125  7:18  Marine x2  
  125  7:19  Marine x5  
  125  7:22  Terran Infantry Weapons Level 2  
  132  7:31  Terran Infantry Armor Level 2  
  132  7:32  Marine  
  133  7:42  Supply Depot  
  133  7:43  Supply Depot, Medivac, Siege Tank, Marine x3  
  141  7:58  Factory  
  141  8:04  SCV x2, Marine x9  
  152  8:09  Command Center  
  148  8:18  Siege Tank  
  148  8:19  Medivac x2  
  153  8:21  Marine x5  
  153  8:23  Marine x2  
  146  8:30  Marine x2  
  127  8:39  Marine x5  
  127  8:41  Marine x2  
  133  8:42  Factory Tech Lab  
  133  8:43  Terran Vehicle Weapons Level 1  
  133  8:47  Marine  
  133  8:48  Marine  
  136  8:53  Medivac  
  136  8:54  SCV x2  
  141  8:55  SCV  
  141  8:56  Barracks x2  
  141  8:57  Marine x5  
  141  8:58  Marine  
  141  8:59  Marine  
  141  9:01  Barracks  
  146  9:06  SCV  
  136  9:10  Siege Tank  
  136  9:11  Marine x2  
  136  9:12  Siege Tank  
  136  9:15  Marine x2  
  146  9:22  SCV x3  
  149  9:26  Medivac x2  
  149  9:28  Marine  
  154  9:34  SCV x3, Marine  
  154  9:35  Marine x2  
  154  9:37  Marine  
  154  9:38  Marine  
  162  9:41  Terran Infantry Weapons Level 3, Marine x2  
  162  9:42  Siege Tank  
  162  9:45  Supply Depot x2  
  167  9:46  Barracks Tech Lab  
  167  9:47  Supply Depot, Barracks Tech Lab  
  167  9:49  Barracks Tech Lab  
  167  9:55  Marine x2  
  167  9:59  Terran Infantry Armor Level 3  
  169  10:02  Marauder, Planetary Fortress  
  161  10:07  Concussive Shells, Marauder  
  161  10:08  Marauder  
  161  10:10  Marauder  
  167  10:15  Viking x2  
  167  10:16  Siege Tank  
  167  10:18  Marine  
  167  10:19  Supply Depot, Marine  
  167  10:21  Marine x2  
  181  10:27  Marauder, Marine  
  181  10:28  Marine x2  
  186  10:30  Marine  
  186  10:35  Refinery  
  186  10:36  Refinery  
  186  10:38  Siege Tank  
  186  10:46  Marauder x3  
  186  10:48  Siege Tank  
  195  10:54  Terran Vehicle Weapons Level 2  
  194  11:03  Ghost Academy  
  193  11:08  Command Center  
  193  11:10  Siege Tank  
  196  11:11  Command Center  
  196  11:16  Marauder x2  
  193  11:20  Siege Tank  
  193  11:21  Marine x2  
  193  11:25  Command Center  
  198  11:28  Command Center  
  198  11:30  Sensor Tower  
  195  11:36  Ghost x4  
  192  11:53  Missile Turret  
  192  11:56  Missile Turret  
  192  12:05  Ghost x4  
  200  12:19  Command Center  
  200  12:21  Command Center  
  197  12:31  Orbital Command  
  197  12:33  Ghost x2  
  198  12:39  Missile Turret  
  198  12:40  Missile Turret x2  
  198  12:46  Neosteel Armor, Orbital Command  
  198  12:47  Hi-Sec Auto Tracking  
  198  12:51  Missile Turret  
  198  12:54  Sensor Tower  
  193  12:59  Refinery, Missile Turret  
  193  13:00  Refinery, Ghost x2  
  193  13:03  Siege Tank x2  
  195  13:07  Planetary Fortress  
  195  13:19  Enhanced Shockwaves  
  195  13:22  Missile Turret  
  195  13:23  Terran Vehicle Weapons Level 3  
  195  13:24  Factory  
  195  13:33  Missile Turret  
  195  13:34  Command Center  
  195  13:40  Orbital Command  
  195  13:41  Planetary Fortress  
  195  13:44  Viking x2  
  199  13:49  Armory  
  199  13:52  Factory  
  190  14:13  Factory Tech Lab  
  181  14:17  Marine x4  
  181  14:19  Marine  
  181  14:23  Thor x2  
  183  14:33  Orbital Command  
  183  14:38  Personal Cloaking, Missile Turret  
  183  14:39  Command Center  
  183  14:40  Command Center, Missile Turret x2  
  183  14:41  Missile Turret  
  183  14:43  Thor, Infernal Pre-Igniter  
  183  14:44  Factory Reactor  
  185  15:09  Ghost  
  176  15:17  Thor  
  176  15:18  Thor  
  186  15:23  Orbital Command, Ghost  
  186  15:27  Bunker  
  188  15:31  Terran Vehicle And Ship Armor Level 1  
  188  15:34  Command Center  
  188  15:35  Thor, Hellion x2  
  198  15:56  Command Center  
  194  15:59  Hellion  
  194  16:00  Thor  
  197  16:10  Thor  
  200  16:13  Hellion  
  199  16:21  Orbital Command  
  199  16:22  Orbital Command  
  199  16:23  Command Center  
  196  16:44  Ghost x2  
  193  16:59  Bunker  
  193  17:08  Smart Servos  
  193  17:09  Hellion x2  
  193  17:11  Siege Tank  
  200  17:23  Sensor Tower  
  200  17:24  Orbital Command  
  200  17:34  Terran Vehicle And Ship Armor Level 2  
  200  17:35  Terran Ship Weapons Level 1  
  200  17:38  Missile Turret  
  200  17:40  Missile Turret  
  200  18:08  Orbital Command  
  200  18:09  Sensor Tower  
  200  18:11  Missile Turret  
  200  18:13  Missile Turret  
  199  18:29  Missile Turret  
  192  18:43  Hellion x2  
  192  18:46  Siege Tank x2  
  199  19:00  Missile Turret  
  199  19:01  Planetary Fortress  
  199  19:02  Missile Turret  
  195  19:23  Siege Tank  
  198  19:29  Fusion Core  
  198  19:31  Refinery, Starport  
  198  19:32  Refinery, Starport  
  198  19:43  Missile Turret x2  
  198  19:44  Missile Turret  
  198  19:46  Missile Turret  
  198  19:48  Terran Ship Weapons Level 2  
  198  20:01  Terran Vehicle And Ship Armor Level 3  
  191  20:09  Hellion  
  191  20:10  Hellion  
  191  20:11  Thor  
  195  20:16  Starport Reactor x2  
  195  20:18  Liberator  
  198  20:33  Liberator  
  198  20:34  Advanced Ballistics  
  196  20:54  Liberator x2  
  195  21:00  Liberator  
  195  21:03  Liberator  
  200  21:17  Liberator  
  199  21:26  Orbital Command  
  199  21:43  Missile Turret  
  199  21:46  Missile Turret  
  199  21:49  Missile Turret  
  196  22:10  Hellion x2  
  197  22:47  Missile Turret  
  197  22:50  Nuke  
  197  22:56  Thor  
  197  23:21  Thor  
  197  23:39  Nuke  
  197  23:40  Thor  
  200  24:23  Hellion x2  
  191  24:36  Thor x2  
  195  24:40  Siege Tank  
  194  25:02  Hellion x2  
  198  25:26  Thor  
  198  25:29  Marine x2  
  198  25:34  Hellion  
  199  25:48  Hellion  
  191  25:57  Thor  
  191  26:00  Ghost  
  193  26:18  Thor  
  199  26:28  Liberator x2  
  199  26:57  Hellion  
  197  27:05  Hellion x3  
  197  27:06  Liberator  
  198  27:14  Hellion  
  197  27:18  Hellion  
  199  27:28  Hellion  
  199  28:28  Hellion  
  183  29:03  Thor x2, Hellion  
  183  29:04  Hellion  
  183  29:06  Thor  
  159  29:23  Ghost x4  
  155  29:25  Liberator x5, Hellion x2  
  155  29:26  Liberator  
  136  29:41  Marine x4  
  136  29:42  Marine  
  136  29:43  Marine x3  
  128  29:46  Hellion x2  
  128  29:51  Ghost  
  128  29:52  Marine, Ghost x2  
  135  29:55  Thor  
  135  29:56  Thor x2  
  151  30:08  Liberator x4, Hellion x2  
  151  30:10  Liberator x2, Ghost  
  175  30:19  Terran Ship Weapons Level 3  
  175  30:23  Ghost  
  175  30:24  Ghost  
  181  30:29  Hellion x2  
  185  30:46  Thor x2  
  195  31:09  Thor  
  198  31:45  Hellion  
  194  33:06  Thor  
  194  33:37  Thor  
  192  34:12  Thor  
  192  34:15  Thor  
  179  34:43  Hellion  
  154  34:53  Thor x2  
  154  34:54  Hellion  
  154  34:58  Hellion  
  156  35:04  Hellion  
  142  35:08  Liberator x5  
  142  35:09  Liberator, Ghost x4  
  168  35:16  Hellion  
  168  35:19  Thor  
  176  35:37  Thor, Hellion x2  
  186  35:58  Thor  
  186  36:02  Thor  
  192  36:47  Hellion x3  
  192  36:50  Hellion  
  195  37:05  Medivac  
  190  37:13  Hellion x2  
  178  37:35  Hellion  
Tags
 
Add a new tag
Caveats
  • Supply blocks, unpowered buildings, or Contaminate may cause inaccurate times.
  • Supply counts are checked every 10 seconds.